 Dungeon Crawl Stone Soup version 0.31-a0-1338-gb567cfdca4 (webtiles) character file.

Game seed: 2969012022252173304

364 grandjackal the Ducker (level 7, -2/52 HPs)
             Began as a Djinni Gladiator on Dec 23, 2023.
             Slain by a hornet (7 damage)
             ... on level 4 of the Dungeon.
             The game lasted 00:04:13 (2680 turns).

grandjackal the Ducker (Djinni Gladiator)           Turns: 2680, Time: 00:04:13

Health: -2/52      AC:  8    Str: 13    XL:     7   Next: 0%
Gold:   122        EV: 12    Int: 12    God:
                   SH:  0    Dex: 14

rFire   + + .        a - +0 quarterstaff
rCold   x . .        (shield currently unavailable)
rNeg    . . .        g - +0 ring mail
rPois   ∞            c - +0 helmet
rElec   .            j - +0 cloak
rCorr   .            l - +0 pair of gloves
SInv    +            (boots unavailable)
Will    .....        (no amulet)
Stlth   +            u - ring of see invisible
HPRegen 0.28/turn    (no ring)
MPRegen 0.00/turn

%: infuse magic (-3 HP)
@: flying, hasted, very quick
A: sickness immunity, fire resistance 2, cold vulnerability 1, float, innate
caster, HP casting, extra vitality 1
a: no special abilities


You were on level 4 of the Dungeon.
You visited 2 branches of the dungeon, and saw 7 of its levels.

You collected 243 gold pieces.
You spent 121 gold pieces at shops.

Inventory:

Hand Weapons
 a - a +0 quarterstaff (weapon)
Missiles
 e - a javelin
 h - 3 silver javelins
Armour
 c - a +0 helmet (worn)
 g - a +0 ring mail (worn)
 j - a +0 cloak (worn)
 l - a +0 pair of gloves (worn)
Magical Staves
 s - a staff of conjuration
Jewellery
 u - a ring of see invisible (left hand)
 v - a ring of ice
Scrolls
 k - 3 scrolls of teleportation {unknown}
 m - a scroll of fear {unknown}
 o - 2 scrolls of identify {unknown}
 q - 2 scrolls of immolation
 t - a scroll of poison {unknown}
Potions
 f - a potion of degeneration {unknown}
 i - a potion of brilliance {unknown}
 n - a potion of might {unknown}
 p - a potion of curing {unknown}


   Skills:
 + Level 4.0 Fighting
 + Level 4.1 Staves
 - Level 1.5 Throwing
 + Level 5.0 Dodging
 + Level 2.1 Evocations


You knew the following spells:

 Your Spells              Type           Power      Damage    Failure   Level
a - Necrotise             Necr           0%         1d4       58%         1
b - Passwall              Alch/Erth      0%         N/A       73%         2
c - Summon Guardian Gole  Hex/Summ       0%         N/A       91%         3
Your spell library was empty.

Dungeon Overview and Level Annotations

Branches:
Dungeon (6/15)             Temple (1/1) D:5

Altars:
Ashenzari
Cheibriados
Elyvilon
Fedhas
Makhleb
Xom
The Shining One

Shops:
D:1 [


Innate Abilities, Weirdness & Mutations

You are immune to sickness and miasma.
You are immune to poison.
Your flesh is very heat resistant. (rF++)
You are vulnerable to cold. (rC-)
You float through the air rather than walking.
You learn spells naturally, not from books.
Your magical power is your life essence.
You have superior vitality. (+4 MHP)


Message History

The hornet stings you but does no damage.
You closely miss the hornet.
The hornet is severely wounded.
The hornet closely misses you. The hornet misses you.
You miss the hornet.
The hornet is severely wounded.
The hornet stings you!
* * * LOW HITPOINT WARNING * * *
You feel much better. The hornet barely misses you.
You closely miss the hornet.
The hornet is severely wounded.
The hornet stings you!
You hit the hornet.
The hornet is severely wounded.
The hornet stings you.
* * * LOW HITPOINT WARNING * * *
You closely miss the hornet.
The hornet is severely wounded.
The hornet stings you.
* * * LOW HITPOINT WARNING * * *
You hit the hornet.
The hornet is almost dead.
The hornet closely misses you.
You barely miss the hornet.
The hornet is almost dead.
The hornet misses you.
You hit the hornet.
The hornet is almost dead.
The hornet stings you.
* * * LOW HITPOINT WARNING * * *
You closely miss the hornet.
The hornet is almost dead.
The hornet closely misses you.
You completely miss the hornet.
The hornet is almost dead.
The hornet stings you but does no damage.
You barely miss the hornet.
The hornet is almost dead.
The hornet stings you!
You die...

#.#.# #.#.#
#######.#.#
#.......#.####
#.#####.#.....
#..............
#..#...........
#.)#.##########
#.@#.# #.y#.#
#..#.# #..#.#
#..#.# #..#.#
#..#.# #.(#


You could see a hornet.

Vanquished Creatures
  Sigmund (D:4)
  A jelly (D:4)
  An orc priest (D:4)
  A hound (D:5)
  Robin (D:1)
  A gnoll (D:5)
  2 worms (D:2)
  A dart slug (D:1)
  5 orcs
  5 ball pythons
  3 bats
  9 endoplasms
  3 giant cockroaches
  13 goblins
  8 hobgoblins
  4 jackals (D:2)
  2 kobolds
  4 quokkas
  5 frilled lizards
  5 rats
75 creatures vanquished.

Vanquished Creatures (others)
  A goblin (D:2)
1 creature vanquished.

Grand Total: 76 creatures vanquished

Notes
Turn   | Place    | Note
-------+----------+-------------------------------------------
     0 | D:1      | grandjackal the Djinni Gladiator began the quest for the
                  | Orb.
     0 | D:1      | Reached XP level 1. HP: 18/18 MP: 0/0
    35 | D:1      | Found Jimutien's Antique Armour Emporium.
   159 | D:1      | Reached XP level 2. HP: 23/23 MP: 0/0
   386 | D:1      | Reached XP level 3. HP: 29/29 MP: 0/0
   386 | D:1      | Learned a level 1 spell: Necrotise
   828 | D:1      | Bought a pair of gloves for 121 gold pieces
  1149 | D:1      | Reached XP level 4. HP: 19/34 MP: 0/0
  1158 | D:1      | Reached skill level 4 in Dodging
  1262 | D:2      | Noticed Robin
  1292 | D:1      | Killed Robin
  1748 | D:3      | Found a faded altar of an unknown god.
  2018 | D:3      | You are sucked into a shaft and drop 3 floors!
  2036 | D:5      | Entered Level 5 of the Dungeon
  2039 | D:5      | Reached XP level 5. HP: 34/40 MP: 0/0
  2039 | D:5      | Learned a level 2 spell: Passwall
  2039 | D:5      | Noticed a +0 short sword
  2039 | D:5      | Noticed a +0 dagger
  2040 | D:5      | Noticed a +0 spear
  2040 | D:5      | Noticed a +0 falchion
  2040 | D:5      | Noticed a +0 dagger
  2041 | D:5      | Found a staircase to the Ecumenical Temple.
  2041 | D:5      | Noticed a +0 short sword
  2041 | D:5      | Noticed a +0 falchion
  2043 | D:5      | Noticed a +0 spear
  2052 | Temple   | Entered the Ecumenical Temple
  2203 | D:4      | Reached skill level 1 in Evocations
  2363 | D:4      | Noticed Sigmund
  2407 | D:4      | Killed Sigmund
  2408 | D:4      | Reached skill level 5 in Dodging
  2408 | D:4      | Reached XP level 6. HP: 47/47 MP: 0/0
  2617 | D:4      | Reached XP level 7. HP: 44/52 MP: 0/0
  2617 | D:4      | Learned a level 3 spell: Summon Guardian Golem
  2645 | D:4      | Noticed a hornet
  2680 | D:4      | Slain by a hornet

Illustrated notes

Levels and vault maps discovered:
D:1:      dpeg_arrival_orchard, layout_basic, serial_shops,
          nicolae_shop_dealshenge
D:2:      layout_rooms, st_stairs_6, uniq_robin
D:3:      layout_basic, nicolae_dithmenos_shadow_blocks,
          hellmonk_ecumenical_altar_blasted, chequers_serial_rivers_large_a
D:4:      layout_basic, uniq_sigmund, uniq_blork_the_orc
D:5:      layout_rooms, kennysheep_okawaru_gauntlet, nicolae_uskayaw_en_pointe,
          mainiacjoe_overflow_paths, minmay_temple_entry_grid
D:6:      layout_loops_ring, minivault_23
Temple:   nicolae_temple_bog_church

Skill      XL: |  1  2  3  4  5  6 |
---------------+-------------------+-----
Staves         | 3 4 |  4.1
Dodging        | 4 5 |  5.0
Fighting       | 3 4 |  4.0
Evocations     | 2 |  2.1
Throwing       | |  1.5

Action                     |  1- 3 |  4- 6 |  7- 9 || total
---------------------------+-------+-------+-------++-------
  Melee: Quarterstaff      |   108 |   128 |    27 ||   263
  Throw: Throwing net      |       |     1 |     3 ||     4
   Cast: Necrotise         |       |     1 |       ||     1
    Use: Potion            |       |       |     3 ||     3
 Armour: Ring mail         |   106 |    70 |    21 ||   197
         Leather armour    |     1 |       |       ||     1
  Dodge: Dodged            |   109 |    64 |    16 ||   189

Table legend: (Time is in decaauts)
 A = Elapsed time spent in this place.
 B = Non-inter-level travel time spent in this place.
 C = Inter-level travel time spent in this place.
 D = Time resting spent in this place.
 E = Time spent auto-exploring this place.
 F = Levels seen in this place.
 G = Mean time per level.
                   A        B        C        D        E       F      G
               +--------+--------+--------+--------+--------+-----+--------+
         Total |   2709 |   2508 |    201 |    367 |   1440 |   7 |  387.0 |
       Dungeon |   2661 |   2470 |    191 |    367 |   1440 |   6 |  443.5 |
        Temple |     47 |     37 |     10 |      0 |      0 |   1 |   47.0 |
               +--------+--------+--------+--------+--------+-----+--------+

Top non-repeatable levels by time:
     D:1: 995 daAuts
     D:2: 648 daAuts
     D:4: 499 daAuts
     D:3: 404 daAuts
     D:5: 96 daAuts
  Temple: 47 daAuts
     D:6: 17 daAuts
